 Dungeon Crawl Stone Soup version 0.31-a0-217-g58bb5d79cf (webtiles) character file.

Game seed: 4055946232382683523

125 qw the Shooter (level 4, -2/36 HPs)
             Began as a Minotaur Hexslinger on July 2, 2023.
             Slain by Pikel
             ... wielding a +1 whip of flaming
              (5 damage)
             ... on level 4 of the Dungeon.
             The game lasted 00:00:55 (2575 turns).

qw the Shooter (Minotaur Hexslinger)                Turns: 2575, Time: 00:00:56

Health: -2/36      AC:  5    Str: 12    XL:     4   Next: 82%
Magic:  4/4        EV: 11    Int: 10    God:
Gold:   223        SH:  0    Dex: 15    Spells: 4/5 levels left

rFire   . . .        Y - +2 sling
rCold   . . .        (no shield)
rNeg    . . .        k - +0 ring mail
rPois   .            (helmet restricted)
rElec   .            (no cloak)
rCorr   .            (no gloves)
SInv    .            (no boots)
Will    .....        (no amulet)
Stlth   +            (no ring)
HPRegen 0.26/turn    (no ring)
MPRegen 0.09/turn

%: no passive effects
@: about to teleport
A: horns 2, retaliatory headbutt
a: no special abilities


You were on level 4 of the Dungeon.
You visited 1 branch of the dungeon, and saw 4 of its levels.

You collected 223 gold pieces.


Innate Abilities, Weirdness & Mutations

You have a pair of horns on your head.
You reflexively headbutt those who attack you in melee.


   Skills:
 + Level 2.2 Fighting
 - Level 5.2 Ranged Weapons
 - Level 1.0 Armour
 - Level 2.1 Dodging
 - Level 1.0 Spellcasting
 - Level 2.0 Hexes


You had 4 spell levels left.
You knew the following spells:

 Your Spells              Type           Power      Damage    Failure   Level
a - Slow                  Hex            16%        N/A       34%         1

Your spell library contained the following spells:

 Spells                   Type           Power      Damage    Failure   Level
 Inner Flame              Hex/Fire       2%         N/A       83%         3
 Portal Projectile        Hex/Tloc       4%         N/A       83%         3
 Cause Fear               Hex            2%         N/A       98%         4

Inventory:

Hand Weapons
 Y - a +2 sling (weapon)
Armour
 g - a +0 cloak
 k - a +0 ring mail (worn)
Scrolls
 d - a scroll of identify
 i - a scroll of teleportation
Potions
 a - a potion of mutation
 b - a potion of might {unknown}
 c - a potion of attraction {unknown}
 e - a potion of curing {unknown}
 f - a potion of haste {unknown}
 h - a potion of ambrosia {unknown}
 j - a potion of heal wounds

Dungeon Overview and Level Annotations

Branches:
Dungeon (4/15)
 Temple: D:4-7

Altars:
Makhleb

Annotations:
D:4 Pikel


Message History

You shoot a sling bullet.
The sling bullet closely misses the lemure.
The sling bullet closely misses Pikel.
The sling bullet closely misses the lemure.
The sling bullet hits the lemure.
The lemure is heavily wounded.
The lemure hits you but does no damage.
You shoot a sling bullet. The sling bullet misses the lemure.
The sling bullet closely misses Pikel.
The sling bullet closely misses the lemure.
The sling bullet misses the lemure.
The sling bullet closely misses the lemure.
The lemure hits you but does no damage.
You shoot a sling bullet. The sling bullet hits Pikel!
Pikel is moderately wounded.
Pikel barely misses you.
You shoot a sling bullet. The sling bullet closely misses Pikel.
The sling bullet misses the lemure.
The sling bullet hits the lemure.
The lemure is moderately wounded.
Pikel hits you but does no damage.
You shoot a sling bullet. The sling bullet closely misses Pikel.
The sling bullet closely misses the lemure.
The sling bullet hits the lemure.
The lemure is moderately wounded.
Pikel barely misses you.
You shoot a sling bullet. The sling bullet hits Pikel.
Pikel is moderately wounded.
Pikel hits you but does no damage.
You shoot a sling bullet. The sling bullet barely misses Pikel.
The sling bullet hits the lemure.
The lemure is almost dead.
Pikel hits you with a +1 whip of flaming.
Pikel burns you.
Pikel hits you with a +1 whip of flaming.
Pikel burns you.
2575 ||| READING 2 scrolls of teleportation.
As you read the scroll of teleportation, it crumbles to dust.
You feel strangely unstable.
Pikel hits you with a +1 whip of flaming.
You die...

... #.# ##### #5# ##...# #5#
.....# #5# ##...#### #5#
........########K# ##########
..............##@# #........##
........#####>##)### #..~._.ยค..#
##...########.#..[.####.........#
.....# #.......)..........#...#
##...# #.##.#....###..##.##.###
##.######.##......# #..##.##.#
#........#####..## #........#
#.######.#####..# #.###.#### #.#
#........####.##..#


You could see Pikel and 4 lemures.

Vanquished Creatures
  An orc priest (D:4)
  An adder (D:3)
  A gnoll (D:2)
  A worm (D:3)
  4 dart slugs
  5 orcs (D:4)
  3 ball pythons
  4 endoplasms
  2 giant cockroaches
  3 goblins
  6 hobgoblins
  2 jackals (D:2)
  4 quokkas
  8 bats
  7 kobolds
  3 rats
55 creatures vanquished.

Notes
Turn   | Place    | Note
-------+----------+-------------------------------------------
     0 | D:1      | qw the Minotaur Hexslinger began the quest for the Orb.
     0 | D:1      | Reached XP level 1. HP: 16/16 MP: 1/1
     0 | D:1      | 0 ||| qw: Version: 0.3-a-40-ge99b1a8
     0 | D:1      | 0 ||| qw: Game counter: 7991
     0 | D:1      | 0 ||| qw: Melee chars always use a shield: true
     0 | D:1      | 0 ||| qw: God list: Okawaru
     0 | D:1      | 0 ||| qw: Allow faded altars: false
     0 | D:1      | 0 ||| qw: Do Orc after clearing Dungeon:15 true
     0 | D:1      | 0 ||| qw: Do second Lair branch before Depths: true
     0 | D:1      | 0 ||| qw: Lair rune preference: random
     0 | D:1      | 0 ||| qw: Goals: Normal
     0 | D:1      | 0 ||| PLANNING D:1-11
   149 | D:1      | Found a faded altar of an unknown god.
   636 | D:1      | Reached skill level 3 in Ranged Weapons
   636 | D:1      | Reached XP level 2. HP: 23/23 MP: 2/2
   865 | D:1      | 865 ||| UPGRADING to +0 leather armour.
   875 | D:1      | 875 ||| DROPPING +0 robe.
   876 | D:1      | 876 ||| UPGRADING to +0 ring mail.
   886 | D:1      | 886 ||| DROPPING +0 leather armour.
   887 | D:1      | 887 ||| READING scroll labelled KIDGHU OPNUNOV.
   888 | D:1      | 888 ||| READING scroll labelled WAFASS ZOXKISCH.
   889 | D:1      | 889 ||| READING scroll labelled JOGGUDITHO.
   890 | D:1      | 890 ||| READING 2 scrolls labelled ABAPTA CUAF.
   894 | D:1      | 894 ||| DROPPING scroll of poison.
   989 | D:2      | 989 ||| FLEEEEING.
   990 | D:2      | 990 ||| STAIRDANCE
  1057 | D:2      | Reached XP level 3. HP: 27/29 MP: 3/3
  1072 | D:2      | You fall into a shaft and drop 1 floor!
  1282 | D:2      | Reached skill level 4 in Ranged Weapons
  1366 | D:2      | 1366 ||| READING scroll labelled QYIPOT GANKEA.
  1552 | D:3      | Reached skill level 1 in Armour
  1745 | D:3      | Reached XP level 4. HP: 36/36 MP: 4/4
  2092 | D:3      | 2092 ||| READING 3 scrolls labelled NUALURIZIRO.
  2093 | D:3      | 2093 ||| READING scroll labelled BUTOKHL FYBIGHI.
  2094 | D:3      | 2094 ||| READING scroll labelled HAIRAOSTRIFY.
  2095 | D:3      | 2095 ||| DRINKING 2 yellow potions.
  2096 | D:3      | 2096 ||| READING 2 scrolls of identify.
  2096 | D:3      | 2096 ||| IDENTIFYING inky potion
  2153 | D:4      | Reached skill level 5 in Ranged Weapons
  2153 | D:4      | 2153 ||| FLEEEEING.
  2154 | D:4      | 2154 ||| FLEEEEING.
  2155 | D:4      | 2155 ||| FLEEEEING.
  2157 | D:4      | 2157 ||| FLEEEEING.
  2158 | D:4      | 2158 ||| FLEEEEING.
  2159 | D:4      | 2159 ||| FLEEEEING.
  2169 | D:4      | 2169 ||| STAIRDANCE
  2284 | D:4      | Found a burning altar of Makhleb.
  2557 | D:4      | Noticed a lemure
  2558 | D:4      | Noticed a lemure
  2558 | D:4      | Noticed a lemure
  2559 | D:4      | Noticed Pikel
  2560 | D:4      | Noticed a lemure
  2574 | D:4      | HP: 5/36 [Pikel/+1 whip of flaming (6)]
  2574 | D:4      | HP: 2/36 [Pikel/+1 whip of flaming (3)]
  2575 | D:4      | 2575 ||| READING 2 scrolls of teleportation.
  2575 | D:4      | Slain by Pikel

Levels and vault maps discovered:
D:1:      matt_arrival_spirals, layout_loops_ring,
          nicolae_ecumenical_lake_church
D:2:      layout_basic, minmay_between
D:3:      layout_basic, minmay_tree_intersection
D:4:      minmay_recursive_quarters, layout_loops_corners,
          mainiacjoe_overflow_tiny_flanked, uniq_pikel

Skill      XL: |  1  2  3  4 |
---------------+-------------+-----
Ranged Weapons | 3 4 5 |  5.2
Fighting       | 2 |  2.2
Armour         | 1 |  1.0
Dodging        | |  2.1
Spellcasting   | |  1.0
Hexes          | |  2.0

Action                     |  1- 3 |  4- 6 || total
---------------------------+-------+-------++-------
   Fire: Sling             |   128 |    58 ||   186
    Use: Scroll            |     5 |     5 ||    10
         Potion            |       |     1 ||     1
 Armour: Robe              |     8 |       ||     8
         Ring mail         |    38 |    11 ||    49
  Dodge: Dodged            |    37 |    16 ||    53

Table legend:
 A = Non-vault XP
 B = Vault XP
 C = Vault XP percentage of total XP
 D = Non-vault monster count
 E = Vault monster count
 F = Vault count percentage of total count
                 A         B        C        D         E       F
            +---------+---------+-------+---------+---------+-------
      Total |     156 |      23 |  12.8 |      50 |       5 |   9.1
            +---------+---------+-------+---------+---------+-------
        D:1 |      18 |       0 |   0.0 |       9 |       0 |   0.0
        D:2 |      23 |      23 |  50.0 |      12 |       5 |  29.4
        D:3 |      53 |       0 |   0.0 |      20 |       0 |   0.0
        D:4 |      62 |       0 |   0.0 |       9 |       0 |   0.0
            +---------+---------+-------+---------+---------+-------
